 Dungeon Crawl Stone Soup version 0.20.0-10-g0535bb4 (webtiles) character file.

739 Kriby the Cleaver (level 7, -2/64 HPs)
             Began as a Hill Orc Fighter on June 5, 2017.
             Slain by Menkaure (20 damage)
             ... on level 5 of the Dungeon.
             The game lasted 00:03:16 (4523 turns).

Kriby the Cleaver (Hill Orc Fighter)                Turns: 4523, Time: 00:03:17

Health: -2/64      AC: 10    Str: 21    XL:     7   Next: 75%
Magic:  7/7        EV:  7    Int:  8    God:
Gold:   197        SH:  9    Dex: 10    Spells: 6/6 levels left

rFire    . . .     SeeInvis .   a - +0 war axe
rCold    . . .     Gourm    .   c - +0 shield
rNeg     . . .     Faith    .   b - +0 scale mail
rPois    .         Spirit   .   k - +0 helmet
rElec    .         Reflect  .   (no cloak)
rCorr    .         Harm     .   A - +0 pair of gloves
MR       .....                  m - +0 pair of boots
Stlth    ..........             (no amulet)
Regen    0.2/turn               (no ring)
MPRegen  0.1/turn               (no ring)

@: no status effects
A: no striking features
a: no special abilities


You were on level 5 of the Dungeon.
You were not hungry.

You visited 1 branch of the dungeon, and saw 5 of its levels.

You collected 197 gold pieces.

Inventory:

Hand Weapons
 a - a +0 war axe (weapon)
Armour
 b - a +0 scale mail (worn)
 c - a +0 shield (worn)
 k - a +0 helmet (worn)
 m - a +0 pair of boots (worn)
 A - a +0 pair of gloves (worn)
Jewellery
 g - an uncursed ring of positive energy {unknown}
 q - an uncursed ring of fire {unknown}
 v - an uncursed ring of see invisible {unknown}
Wands
 C - a wand of paralysis (15/24)
Scrolls
 e - a scroll of amnesia
 h - 2 scrolls of recharging {unknown}
 i - a scroll of noise {unknown}
 j - 2 scrolls of magic mapping {unknown}
 l - 6 scrolls of identify {unknown}
 n - 3 scrolls of fog {unknown}
 o - 3 scrolls of remove curse {unknown}
 p - 3 scrolls of enchant weapon {unknown}
 t - 2 scrolls of enchant armour {unknown}
 y - a scroll of immolation {unknown}
 z - a scroll of fear {unknown}
Potions
 d - 2 potions of might
 r - a potion of haste {unknown}
 u - 2 potions of mutation {unknown}
Comestibles
 f - 3 bread rations
 s - 2 meat rations
 w - 3 royal jellies
 x - 3 fruits
 B - 2 chunks of flesh


   Skills:
 + Level 6.7 Fighting
 * Level 9.3 Axes
 - Level 3.2 Armour
 - Level 3.2 Shields


You had 6 spell levels left.
You didn't know any spells.

Dungeon Overview and Level Annotations

Branches:
Dungeon (5/15)
 Temple: D:4-7

Altars:
Ru

Annotations:
D:5 Menkaure


Message History

Menkaure calls on the powers of darkness!
Your body is wracked with pain!
Menkaure is nearby!
Menkaure is nearby!
You hit Menkaure but do no damage. You block Menkaure's attack.
You closely miss Menkaure. You hit Menkaure.
Menkaure is lightly damaged.
Menkaure hits you but does no damage.
You hit Menkaure but do no damage.
Menkaure is lightly damaged.
Menkaure barely misses you.
You slash Menkaure!
Menkaure is severely damaged.
Menkaure hits you!
* * * LOW HITPOINT WARNING * * *
You hit Menkaure.
Menkaure is almost destroyed.
Menkaure hits you!!
You die...

#...# #..# .#.#.#
###.###..# #####
.#.#. .........#
#...##.... ###.###.##
#......#.#
###.###.####...##.#.#
....................#
..#......####.##..###
..####...####.##..#
..............##@.#
..####...#######M.#
..# ##...... ...# ###
####### ###.# # .# #
##


You could see Menkaure.

Vanquished Creatures
  Sigmund (D:3)
  A black bear (D:4)
  An ogre (D:4)
  A crimson imp (D:5)
  4 hounds
  A jelly (D:5)
  Jessica (D:3)
  A worker ant (D:4)
  Robin (D:3)
  3 adders
  3 gnolls (D:2)
  A shadow imp (D:5)
  3 worms
  A dart slug (D:1)
  6 leopard geckos
  2 ball pythons
  10 bats
  2 giant cockroaches
  15 goblins
  9 hobgoblins
  2 jackals (D:1)
  2 quokkas
  8 frilled lizards
  6 kobolds
  5 rats
90 creatures vanquished.

Vanquished Creatures (others)
  A plant (D:4)
1 creature vanquished.

Grand Total: 91 creatures vanquished

Notes
Turn   | Place    | Note
-------+----------+-------------------------------------------
     0 | D:1      | Kriby the Hill Orc Fighter began the quest for the Orb.
     0 | D:1      | Reached XP level 1. HP: 19/19 MP: 1/1
    51 | D:1      | Reached skill level 3 in Axes
   215 | D:1      | Reached XP level 2. HP: 27/27 MP: 2/2
   757 | D:1      | Reached XP level 3. HP: 33/33 MP: 3/3
   796 | D:1      | Reached skill level 4 in Axes
  1482 | D:2      | Reached XP level 4. HP: 41/41 MP: 4/4
  1688 | D:2      | Reached skill level 5 in Axes
  1815 | D:2      | You fall through a shaft!
  1844 | D:3      | Noticed Jessica
  1847 | D:3      | Killed Jessica
  1847 | D:3      | Reached XP level 5. HP: 47/47 MP: 5/5
  1940 | D:3      | Noticed Sigmund
  1952 | D:3      | Killed Sigmund
  1952 | D:3      | Reached skill level 5 in Fighting
  1952 | D:3      | Reached skill level 7 in Axes
  1952 | D:3      | Reached XP level 6. HP: 56/56 MP: 6/6
  2210 | D:3      | Noticed Robin
  2226 | D:3      | Killed Robin
  2976 | D:4      | Noticed a black bear
  2982 | D:4      | Reached skill level 8 in Axes
  2982 | D:4      | Reached XP level 7. HP: 41/63 MP: 7/7
  3581 | D:4      | Found a sacrificial altar of Ru.
  4046 | D:5      | Entered Level 5 of the Dungeon
  4132 | D:5      | Reached skill level 9 in Axes
  4514 | D:5      | Noticed Menkaure
  4523 | D:5      | Slain by Menkaure

Skill      XL: |  1  2  3  4  5  6  7 |
---------------+----------------------+-----
Axes           | 3 4 5 7 8 9 |  9.3
Fighting       | 4 5 6 |  6.7
Armour         | |  3.2
Shields        | |  3.2

Action                   |  1- 3 |  4- 6 |  7- 9 || total
-------------------------+-------+-------+-------++-------
Melee: War axe           |   116 |   126 |    60 ||   302
  Use: Scroll            |     2 |       |       ||     2
       Potion            |       |     2 |       ||     2
  Eat: Chunk             |     1 |     6 |     5 ||    12
Armor: Scale mail        |    74 |    76 |    19 ||   169
Dodge: Dodged            |    48 |    49 |    10 ||   107
Block: Shield            |    69 |    78 |    29 ||   176
